Map: Winter's Gate LE

Players

SpeCial - Winner!

  • Race: Terran Terran
  • League: Master
  • Spawn Location: 11:00

Saiko

  • Race: Protoss Protoss
  • Spawn Location: 5:00

Event: NationWars 2019

VOD

Have the link to the VOD?

Description

Time

  • Played on: Oct. 5, 2019, 2:11 p.m.
  • Length: 9:02
Show
View Real Time Build Order
Export as new Build Order

SpeCial Terran - Winner!

Build Orders: Reaper Expand 

Get SALT Encoding   

  12  0:00  SCV  
  13  0:12  SCV  
  14  0:17  Supply Depot  
  14  0:24  SCV  
  15  0:39  SCV  
  15  0:40  Barracks  
  16  0:44  Refinery  
  16  0:51  SCV  
  17  1:03  SCV  
  18  1:15  SCV  
  19  1:28  Orbital Command, Reaper  
  20  1:40  Command Center  
  20  1:50  Supply Depot  
  20  1:53  SCV  
  21  1:59  Marine  
  22  2:06  SCV  
  23  2:09  Factory  
  23  2:17  Refinery  
  23  2:18  SCV  
  23  2:21  Barracks Reactor  
  24  2:28  Bunker  
  24  2:32  SCV  
  25  2:44  SCV  
  26  2:54  Orbital Command  
  26  2:55  Starport  
  26  2:56  SCV  
  27  3:00  Marine x2  
  27  3:05  Factory Tech Lab  
  29  3:11  SCV  
  30  3:18  Marine x2  
  32  3:21  SCV  
  32  3:23  SCV  
  34  3:28  Siege Tank  
  34  3:29  Supply Depot  
  37  3:36  Marine x2  
  37  3:37  SCV  
  38  3:44  Viking  
  38  3:45  SCV  
  41  3:50  SCV  
  42  3:56  Barracks, Marine x2  
  42  3:57  SCV  
  42  4:02  SCV  
  46  4:07  Barracks  
  46  4:09  SCV  
  47  4:10  Factory Tech Lab  
  47  4:14  SCV, Marine x2  
  50  4:21  SCV  
  50  4:26  SCV  
  50  4:31  Raven  
  53  4:33  SCV  
  53  4:34  Engineering Bay  
  54  4:39  Supply Depot  
  54  4:43  Supply Depot  
  54  4:46  Factory Reactor  
  54  4:49  Refinery  
  54  4:56  Stimpack  
  54  5:00  Marine x2  
  54  5:01  SCV x2, Marine  
  54  5:03  Supply Depot  
  59  5:09  Terran Infantry Weapons Level 1  
  59  5:13  SCV x2  
  61  5:15  Supply Depot  
  61  5:17  Marine  
  61  5:18  Marine  
  63  5:25  SCV  
  63  5:26  SCV  
  65  5:38  Supply Depot, Marauder, Marine x2  
  65  5:39  Marauder, Medivac  
  65  5:40  Widow Mine  
  65  5:41  SCV  
  65  5:42  SCV  
  75  5:45  Refinery  
  75  5:46  Supply Depot  
  75  5:50  Medivac  
  75  5:55  Marine x2  
  75  5:56  SCV x2  
  81  6:00  Marauder x2  
  85  6:08  SCV x2  
  85  6:09  Supply Depot x2  
  79  6:21  Marauder  
  79  6:23  Marauder  
  79  6:25  Medivac  
  77  6:26  SCV x2  
  77  6:28  Widow Mine  
  75  6:33  Marine x2  
  75  6:36  Bunker  
  75  6:38  SCV  
  78  6:40  Supply Depot  
  75  6:48  Combat Shield, Marauder  
  75  6:51  SCV, Marine x2  
  75  6:53  SCV  
  81  7:03  SCV  
  74  7:10  SCV  
  74  7:12  Medivac  
  74  7:13  Widow Mine x2  
  74  7:15  Marine x2  
  83  7:16  SCV  
  83  7:18  Marauder  
  83  7:22  SCV  
  87  7:25  Supply Depot  
  87  7:28  SCV  
  88  7:32  Supply Depot  
  88  7:34  SCV  
  89  7:38  Marine x2  
  90  7:44  Marine  
  90  7:45  Marauder  
  89  7:54  Widow Mine x2  
  89  7:56  Marine  
  91  7:59  SCV  
  91  8:03  Marauder  
  91  8:04  Medivac  
  91  8:05  SCV  
  97  8:11  SCV  
  98  8:15  Supply Depot  
  98  8:17  SCV  
  98  8:18  Marauder, Marine x2  
  103  8:24  Marauder  
  103  8:27  Refinery  
  105  8:28  Refinery  
  94  8:35  Widow Mine  
  94  8:36  Marine x2  
  94  8:37  SCV  
  94  8:40  Marauder  
Show
View Real Time Build Order
Export as new Build Order

Saiko Protoss 

Build Orders: 1 Gate Expand, Zealot Archon, Archon Drop 

Get SALT Encoding   

  12  0:00  Probe  
  13  0:13  Probe  
  14  0:17  Pylon  
  14  0:25  Probe (Chrono Boost)  
  15  0:37  Probe (Chrono Boost), Gateway  
  16  0:44  Probe (Chrono Boost)  
  16  0:47  Assimilator  
  17  0:51  Probe  
  18  1:03  Probe  
  19  1:15  Probe  
  20  1:24  Nexus  
  20  1:34  Cybernetics Core  
  20  1:38  Probe  
  21  1:45  Assimilator  
  21  1:50  Probe  
  22  1:54  Pylon  
  22  2:02  Probe  
  23  2:10  Adept (Chrono Boost)  
  23  2:14  Probe  
  26  2:18  Robotics Facility  
  26  2:19  Warp Gate  
  26  2:26  Probe  
  26  2:32  Stalker  
  27  2:42  Probe  
  28  2:50  Probe  
  29  2:57  Probe  
  30  3:02  Stalker  
  30  3:03  Probe  
  30  3:04  Warp Prism (Chrono Boost)  
  33  3:10  Probe (Chrono Boost)  
  36  3:19  Probe (Chrono Boost)  
  37  3:22  Probe (Chrono Boost)  
  37  3:24  Twilight Council  
  38  3:29  Probe (Chrono Boost)  
  38  3:42  Probe x2  
  40  3:54  Probe x2  
  42  3:56  Gateway  
  42  3:57  Gateway  
  42  3:59  Charge (Chrono Boost)  
  42  4:05  Dark Shrine  
  42  4:06  Probe x2  
  44  4:18  Probe x2  
  46  4:30  Gateway  
  46  4:31  Warp Prism (Chrono Boost)  
  38  4:33  Gateway  
  38  4:35  Gateway  
  40  4:44  Gateway  
  40  4:45  Gateway  
  40  4:48  Zealot  
  40  4:51  Pylon  
  42  4:54  Zealot  
  42  4:57  Zealot  
  46  5:07  Pylon  
  46  5:08  Pylon  
  46  5:24  Zealot  
  46  5:25  Stalker  
  46  5:26  Dark Templar  
  46  5:27  Dark Templar  
  50  5:31  Dark Templar  
  51  5:36  Dark Templar  
  51  5:38  Archon  
  51  5:42  Zealot x2  
  57  5:44  Archon  
  57  5:46  Zealot  
  57  5:48  Zealot  
  61  5:51  Pylon  
  61  5:57  Zealot  
  61  5:59  Zealot  
  65  6:16  Zealot x5  
  57  6:28  Zealot x3  
  61  6:51  Zealot x2, Dark Templar x2  
  61  6:52  Zealot x2  
  73  6:54  Zealot  
  73  6:56  Archon  
  73  6:58  Pylon  
  55  7:16  Zealot x3  
  55  7:17  Dark Templar  
  55  7:18  Dark Templar  
  65  7:25  Zealot  
  65  7:27  Zealot  
  69  7:33  Archon  
  69  7:34  Zealot  
  71  7:38  Zealot x2  
  53  8:04  Probe  
  53  8:05  Probe  
  55  8:07  Dark Templar  
  55  8:08  Dark Templar  
  55  8:09  Zealot x4  
  55  8:11  Zealot  
  69  8:17  Archon  
  69  8:26  Zealot  
Tags
 
Add a new tag
Caveats
  • Supply blocks, unpowered buildings, or Contaminate may cause inaccurate times.
  • Supply counts are checked every 10 seconds.